 Dungeon Crawl Stone Soup version 0.23-a0-673-g3803c42f16 (webtiles) character file.

14802 EnegeticOcto the Covert (level 11, -24/62 HPs)
             Began as a Deep Elf Enchanter on Jan 9, 2019.
             Was a High Priest of Dithmenos.
             Hit by a large rock thrown by a stone giant (46 damage)
             ... on level 2 of the Orcish Mines.
             The game lasted 00:33:43 (15469 turns).

EnegeticOcto the Covert (Deep Elf Enchanter)       Turns: 15469, Time: 00:33:43

Health: -24/62     AC:  8    Str:  8    XL:     11   Next: 93%
Magic:  47/47      EV: 15    Int: 21    God:    Dithmenos [*****.]
Gold:   1062       SH:  0    Dex: 15    Spells: 24/34 levels left

rFire    . . .     SeeInvis .   v - +1 dagger (elec)
rCold    . . .     Gourm    .   (no shield)
rNeg     . . .     Faith    .   x - +2 robe {MR+}
rPois    .         Spirit   .   (no helmet)
rElec    .         Reflect  .   A - +2 cloak
rCorr    .         Harm     .   (no gloves)
MR       ++...                  f - +0 pair of boots
Stlth    +++++++++.             (no amulet)
HPRegen  0.20/turn              m - ring of magical power
MPRegen  0.30/turn              M - ring of Qeunyag {MP+9 Stlth+}

@: wreathed by umbra
A: no striking features
a: Shadow Step, Shadow Form, Renounce Religion


You were on level 2 of the Orcish Mines.
You worshipped Dithmenos.
Dithmenos was extremely pleased with you.
You were not hungry.

You visited 3 branches of the dungeon, and saw 14 of its levels.

You collected 1192 gold pieces.
You spent 130 gold pieces at shops.

Inventory:

Hand Weapons
 v - a +1 dagger of electrocution (weapon)
 z - a +0 shortbow
Missiles
 c - 341 stones (quivered)
 g - 7 javelins
 h - 4 silver tomahawks
 r - 221 arrows
Armour
 f - a +0 pair of boots (worn)
 x - a +2 robe of magic resistance (worn)
 A - a +2 cloak (worn)
 B - a +1 robe of cold resistance
Jewellery
 b - an uncursed ring of fire
 m - a ring of magical power (left hand)
 K - the ring "Vassall" {rC+ MR- Dex+3 Stlth+}
   (You found it on level 10 of the Dungeon)

   [ring of dexterity]

   It affects your dexterity (+3).
   It protects you from cold.
   It affects your resistance to hostile enchantments.
   It makes you more stealthy.
 M - the ring of Qeunyag (right hand) {MP+9 Stlth+}
   (You found it on level 10 of the Dungeon)

   [ring of stealth]

   It affects your magic capacity (+9).
   It makes you more stealthy.
Wands
 e - a wand of flame (54)
 y - a wand of paralysis (11)
 C - a wand of polymorph (9)
 D - a wand of digging (9)
 G - a wand of disintegration (9)
 H - a wand of acid (7)
Scrolls
 k - 4 scrolls of remove curse {@r2}
 n - a scroll of teleportation {@r3 !r}
 s - a scroll of fear
 t - a scroll of fog
 F - a scroll of immolation
Potions
 i - 4 potions of heal wounds
 j - a potion of flight {unknown}
 l - a potion of brilliance
 o - 8 potions of curing {@q1}
 p - a potion of cancellation {unknown}
 q - 2 potions of haste {@q4 !q}
 u - 2 potions of lignification {@q6 !q}
 w - 2 potions of ambrosia
 E - 2 potions of mutation
 I - 2 potions of might
 J - a potion of resistance {unknown}
 L - a potion of magic
Miscellaneous
 a - a phial of floods
Comestibles
 d - 16 rations


   Skills:
 * Level 4.8 Fighting
 * Level 9.3 Short Blades
 + Level 5.6 Dodging
 - Level 12.0 Stealth
 - Level 12.0 Spellcasting
 + Level 11.7 Hexes
 + Level 2.9 Invocations


You had 24 spell levels left.
You knew the following spells:

 Your Spells              Type           Power        Failure   Level  Hunger
a - Ensorcelled Hibernat  Hex/Ice        #####.       1%          2    None
b - Confuse               Hex            ######..     1%          3    None
c - Corona                Hex            ######.      1%          1    None
d - Swiftness             Chrm/Air       ##......     8%          2    None
e - Blink                 Tloc           N/A          8%          2    None

Your spell library contained the following spells:

 Spells                   Type           Power        Failure   Level  Hunger
 Slow                     Hex            ######..     1%          2    None
 Dazzling Spray           Conj/Hex       #####.       1%          3    None
 Tukima's Dance           Hex            ######..     1%          3    None
 Beastly Appendage        Tmut           ##....       5%          1    None
 Magic Dart               Conj           ##..         5%          1    None
 Shock                    Conj/Air       ##..         5%          1    None
 Call Imp                 Summ           ##......     8%          2    None
 Sticks to Snakes         Tmut           ##......     8%          2    None
 Conjure Flame            Conj/Fire      ##......     16%         3    None
 Mephitic Cloud           Conj/Pois/Air  ##......     16%         3    None
 Spider Form              Tmut/Pois      ##........   16%         3    None
 Static Discharge         Conj/Air       ##......     16%         3    None
 Airstrike                Air            ##........   45%         4    None
 Ice Form                 Ice/Tmut       ##......     45%         4    None
 Blade Hands              Tmut           ##........   82%         5    ####...
 Lightning Bolt           Conj/Air       ##........   82%         5    ####...


Dungeon Overview and Level Annotations

Branches:
Dungeon (11/15)            Temple (0/1) D:4            Lair (1/6) D:11
    Orc (2/2) D:9
    Elf: Orc:2

Altars:
Cheibriados
Dithmenos
Fedhas
Kikubaaqudgha
Nemelex Xobeh
Okawaru
Ru
Sif Muna
Trog
Wu Jian
Yredelemnul
Zin
The Shining One

Shops:
D:7 (   D:11 !   Orc:2 [


Message History

Aiming: Confuse (safe; 1% risk of failure)
Press: ? - help, Shift-Dir - straight line, f/p - stone giant
Aim: a stone giant (umbra, chance to defeat MR: 26%)
The stone giant easily resists.
The stone giant throws a large rock.
The large rock hits you!!
You emit a cloud of dark smoke.
The stone giant throws a large rock.
The large rock hits you!
You climb upwards.
There is a stone staircase leading down here.
You start resting.
Magic restored.
All of the chunks of flesh in your inventory have rotted away.
HP restored.
You climb downwards.
The stone giant throws a large rock.
The large rock hits you!!!
Ouch! That really hurt!
You emit a cloud of dark smoke.
An orc priest comes into view. It is wielding a +0 club.
The stone giant throws a large rock.
The large rock hits you!!!
Ouch! That really hurt!
You die...

############# ####
.#..#......#.##.#..
...................
....................
##.........................
#...................)......
#.............§§...........
##............§@§..........
#.............§§.........#.
##......o.....(............
#..........................
##....)................C...
#......)...................
#.....)[[...........C.....#
#.......).................#
#.......)...............


You could see a stone giant and an orc priest (wandering).

Vanquished Creatures
  Josephine (Orc:1)
  A two-headed ogre (D:11)
  2 ugly things (D:11)
  A cyclops (D:11)
  An elephant (D:11)
  Psyche (D:9)
  A gargoyle (D:11)
  An efreet (D:11)
  A queen bee (D:10)
  3 trolls
  A blink frog (D:11)
  A hippogriff (D:11)
  A vampire (D:9)
  4 wraiths (D:9)
  4 wargs
  A water moccasin (D:10)
  14 orc warriors
  Duvessa (D:7)
  A sky beast (D:5)
  2 ice beasts (D:9)
  A necrophage (D:7)
  A phantom (D:11)
  A black bear (D:9)
  6 wolves (Orc:1)
  10 ogres
  10 centaurs
  3 crocodiles
  3 big kobolds
  Blork the orc (D:6)
  14 bullfrogs
  Dowan (D:7)
  A wyvern skeleton (D:10)
  5 scorpions
  14 killer bees (D:10)
  3 wights (D:8)
  A howler monkey (D:5)
  3 crimson imps
  A bullfrog zombie (D:8)
  4 hounds
  A jelly (D:11)
  23 orc wizards
  Crazy Yiuf (D:5)
  13 orc priests
  4 bullfrog skeletons
  2 centaur skeletons
  2 iguanas
  4 worker ants
  A hound zombie (D:11)
  A hound skeleton (D:5)
  2 worker ant zombies
  4 gnolls (D:6)
  11 adders
  A shadow imp (D:6)
  An ooze (D:5)
  An adder skeleton (D:4)
  3 worms (D:2)
  2 leopard geckos
  63 orcs
  A ball python (D:2)
  6 bats
  2 giant cockroaches
  3 goblins
  6 hobgoblins
  3 jackals (D:11)
  2 quokkas
  8 frilled lizards
  2 gnoll zombies (D:3)
  A jackal zombie (D:7)
  12 kobolds
  A rat (D:3)
313 creatures vanquished.

Vanquished Creatures (others)
  A plant (D:11)
  5 toadstools (D:4)
6 creatures vanquished.

Grand Total: 319 creatures vanquished

Notes
Turn   | Place    | Note
-------+----------+-------------------------------------------
     0 | D:1      | EnegeticOcto the Deep Elf Enchanter began the quest for the
                  | Orb.
     0 | D:1      | Reached XP level 1. HP: 10/10 MP: 6/6
   380 | D:1      | Reached XP level 2. HP: 15/15 MP: 8/8
   400 | D:1      | Learned a level 2 spell: Ensorcelled Hibernation
  1064 | D:2      | Reached XP level 3. HP: 17/19 MP: 5/10
  1213 | D:2      | Learned a level 3 spell: Confuse
  1820 | D:2      | Found an ancient bone altar of Kikubaaqudgha.
  1821 | D:2      | Found an ornate altar of the Wu Jian Council.
  1963 | D:2      | Reached XP level 4. HP: 24/24 MP: 8/11
  2486 | D:3      | Found a sparkling altar of Nemelex Xobeh.
  2539 | D:2      | Found a shadowy altar of Dithmenos.
  2549 | D:2      | Became a worshipper of Dithmenos the Shadowed
  2899 | D:3      | Found a basalt altar of Yredelemnul.
  3045 | D:3      | Reached skill level 5 in Hexes
  3659 | D:4      | Reached XP level 5. HP: 28/28 MP: 13/13
  3705 | D:4      | Reached skill level 5 in Stealth
  4394 | D:4      | Reached skill level 5 in Spellcasting
  4394 | D:4      | Reached XP level 6. HP: 32/32 MP: 15/15
  4604 | D:4      | Found a staircase to the Ecumenical Temple.
  5021 | D:4      | Reached XP level 7. HP: 36/36 MP: 2/17
  5219 | D:5      | Entered Level 5 of the Dungeon
  5361 | D:5      | Reached * piety under Dithmenos
  5837 | D:5      | Found a sacrificial altar of Ru.
  5839 | D:5      | Found a blossoming altar of Fedhas.
  5842 | D:5      | Found a deep blue altar of Sif Muna.
  5843 | D:5      | Found a glowing golden altar of the Shining One.
  5843 | D:5      | Found a glowing silver altar of Zin.
  5889 | D:5      | Found a runed door.
  5893 | D:5      | Noticed Crazy Yiuf
  5897 | D:5      | Killed Crazy Yiuf
  5996 | D:5      | Reached XP level 8. HP: 41/41 MP: 20/20
  6398 | D:5      | Reached skill level 5 in Short Blades
  6624 | D:6      | Reached ** piety under Dithmenos
  6786 | D:6      | Noticed Blork the orc
  6793 | D:6      | Killed Blork the orc
  7320 | D:6      | Reached XP level 9. HP: 45/45 MP: 23/23
  8105 | D:7      | Found Paprac's Antique Weapon Shoppe.
  8359 | D:7      | Noticed Duvessa
  8370 | D:7      | Noticed Dowan
  8387 | D:7      | Killed Duvessa
  8399 | D:7      | Killed Dowan
  8997 | D:8      | Reached *** piety under Dithmenos
  9933 | D:9      | Reached skill level 10 in Hexes
 10001 | D:9      | Learned a level 2 spell: Swiftness
 10059 | D:9      | Found a snail-covered altar of Cheibriados.
 10087 | D:9      | Found an iron altar of Okawaru.
 10105 | D:9      | Reached skill level 10 in Stealth
 10314 | D:9      | Reached XP level 10. HP: 50/50 MP: 25/25
 10373 | D:9      | Reached skill level 10 in Spellcasting
 10398 | D:9      | Learned a level 2 spell: Blink
 10468 | D:9      | Found a staircase to the Orcish Mines.
 10838 | D:9      | Noticed Psyche
 10845 | D:9      | Killed Psyche
 10936 | D:9      | Found a bloodstained altar of Trog.
 11072 | D:10     | Entered Level 10 of the Dungeon
 11086 | D:10     | Reached **** piety under Dithmenos
 11258 | D:10     | Reached skill level 1 in Fighting
 11425 | D:10     | Got a glittering tin ring
 11427 | D:10     | Identified the ring "Vassall" {rC+ MR- Dex+3 Stlth+} (You
                  | found it on level 10 of the Dungeon)
 11774 | D:10     | Got a fine wooden ring
 12009 | D:11     | Noticed a cyan ugly thing
 12016 | D:11     | Killed a cyan ugly thing
 12060 | D:11     | Noticed a six-headed hydra
 12210 | D:11     | Found a staircase to the Lair.
 12210 | D:11     | Noticed an elephant
 12211 | D:11     | Noticed a cyclops
 12291 | D:11     | Killed a cyclops
 12291 | D:11     | Reached ***** piety under Dithmenos
 12296 | D:11     | Reached XP level 11. HP: 60/60 MP: 27/27
 12460 | D:11     | Found Woczoatigi's Distillery.
 12467 | D:11     | Bought 2 potions of heal wounds for 130 gold pieces
 12533 | D:11     | Identified the ring of Qeunyag {MP+9 Stlth+} (You found it
                  | on level 10 of the Dungeon)
 12605 | D:11     | Reached skill level 1 in Invocations
 12840 | D:11     | Noticed a two-headed ogre
 12854 | D:11     | Killed a two-headed ogre
 13137 | D:11     | Noticed a purple ugly thing
 13162 | D:11     | Killed a purple ugly thing
 13407 | Lair:1   | Entered Level 1 of the Lair of Beasts
 13585 | Orc:1    | Entered Level 1 of the Orcish Mines
 13762 | D:9      | Reached skill level 5 in Dodging
 13881 | Orc:1    | Noticed Josephine
 13900 | Orc:1    | Killed Josephine
 14401 | Orc:2    | Entered Level 2 of the Orcish Mines
 14405 | Orc:2    | Found Niotoot's Armour Emporium.
 14958 | Orc:2    | Noticed a stone giant
 15469 | Orc:2    | Hit by a large rock thrown by a stone giant

Vault maps used:
D:1:      dpeg_arrival_stone_temple_mockup
D:2:      nicolae_overflow_hidden_temple
D:3:      lemuel_zombie_altar_yredelemnul, nemelex_xobeh_ov_fountains_minmay
D:4:      minmay_temple_entry_proselytizer, minmay_gold_behind_fungi
D:5:      grunt_temple_overflow_open, first_ration, minmay_diced_spiral,
          uniq_crazy_yiuf_cottage
D:6:      uniq_blork_the_orc
D:7:      serial_shops, shop, uniq_duvessa
D:9:      lemuel_crystal_altar, lemuel_coloured_pillars_altar,
          nicolae_overflow_crystal_walls, david_orc_2, uniq_psyche
D:10:     david_nohive_1
D:11:     david_lair_generic, serial_shops, shop
Lair:1:   wad_woods_04, basic_altar, nzn_random_ring
Orc:1:    mines5_lemuel, uniq_josephine
Orc:2:    st_orc_congregation, serial_shops, shop, biasface_ghost_orc_armoury

Skill      XL: |  1  2  3  4  5  6  7  8  9 10 11 |
---------------+----------------------------------+-----
Stealth        | 4 5 6 7 8 10 11 12 | 12.0
Short Blades   | 2 3 4 5 7 8 9 |  9.3
Spellcasting   | 4 5 6 8 9 10 12 | 12.0
Hexes          | 5 6 7 8 10 11 | 11.7
Fighting       | 3 4 |  4.8
Dodging        | 4 5 |  5.6
Invocations    | 2 |  2.9

Action                   |  1- 3 |  4- 6 |  7- 9 | 10-12 || total
-------------------------+-------+-------+-------+-------++-------
Melee: Dagger            |    63 |    73 |   224 |   248 ||   608
Throw: Stone             |       |       |     4 |     6 ||    10
 Cast: Ensorcelled Hiber |    21 |    35 |   100 |   140 ||   296
       Confuse           |       |     5 |    26 |    45 ||    76
  Use: Scroll            |       |       |    18 |     2 ||    20
       Potion            |       |       |     1 |       ||     1
 Stab: Sleeping          |    17 |    25 |    77 |   104 ||   223
       Confused          |       |     6 |    13 |    16 ||    35
  Eat: Chunk             |     2 |     3 |    12 |    12 ||    29
       Ration            |       |     3 |     1 |     1 ||     5
Armor: Robe              |    11 |       |    27 |    48 ||    86
       Leather armour    |    16 |    11 |     7 |       ||    34
Dodge: Dodged            |    54 |    48 |   110 |   197 ||   409

Table legend:
 A = Non-vault XP
 B = Vault XP
 C = Vault XP percentage of total XP
 D = Non-vault monster count
 E = Vault monster count
 F = Vault count percentage of total count
                 A         B        C        D         E       F
            +---------+---------+-------+---------+---------+-------
      Total |   14798 |    6349 |  30.0 |     261 |      52 |  16.6
            +---------+---------+-------+---------+---------+-------
        D:1 |      21 |       0 |   0.0 |      15 |       0 |   0.0
        D:2 |      80 |       0 |   0.0 |      14 |       0 |   0.0
        D:3 |      70 |       3 |   4.1 |      11 |       2 |  15.4
        D:4 |     600 |      41 |   6.4 |      16 |       1 |   5.9
        D:5 |     982 |      62 |   5.9 |      26 |       3 |  10.3
        D:6 |    1061 |      94 |   8.1 |      25 |       1 |   3.8
        D:7 |    1017 |     216 |  17.5 |      20 |       2 |   9.1
        D:8 |     374 |       0 |   0.0 |      10 |       0 |   0.0
        D:9 |    1578 |    1528 |  49.2 |      23 |      13 |  36.1
       D:10 |    1119 |    1181 |  51.3 |      16 |      15 |  48.4
       D:11 |    5557 |     951 |  14.6 |      41 |       4 |   8.9
      Orc:1 |    1253 |    2273 |  64.5 |      25 |      11 |  30.6
      Orc:2 |    1086 |       0 |   0.0 |      19 |       0 |   0.0
            +---------+---------+-------+---------+---------+-------
